Map: Honorgrounds LE

Players

uiokae - Winner!

  • Race: Zerg Zerg
  • Spawn Location: 11:00

Musumeci

  • Race: Zerg Zerg
  • League: Diamond
  • Spawn Location: 1:00

VOD

Have the link to the VOD?

Description

Time

  • Played on: Feb. 1, 2017, 7:32 a.m.
  • Length: 8:11
Show
View Real Time Build Order
Export as new Build Order

uiokae Zerg - Winner!

Build Orders: Pool First 

Get SALT Encoding   

  12  0:01  Drone  
  13  0:08  Drone  
  14  0:18  Drone, Extractor  
  14  0:33  Spawning Pool  
  13  0:37  Drone  
  14  0:46  Drone, Extractor  
  15  0:52  Overlord  
  15  1:10  Drone x2  
  17  1:21  Metabolic Boost  
  17  1:24  Zergling x2  
  17  1:25  Zergling x2  
  19  1:33  Zergling x2  
  20  1:54  Hatchery, Zergling x4  
  21  2:02  Extractor  
  21  2:04  Queen  
  23  2:11  Overlord  
  23  2:31  Drone x2  
  23  2:32  Baneling Nest  
  24  2:41  Drone  
  25  2:50  Drone  
  25  2:56  Queen  
  26  3:01  Overlord  
  26  3:09  Zergling x2  
  27  3:20  Drone  
  28  3:28  Drone x3  
  28  3:29  Roach Warren  
  28  3:30  Baneling  
  30  3:34  Drone  
  30  3:35  Drone x2  
  31  3:51  Zergling x6  
  34  4:00  Baneling, Zergling x4  
  34  4:01  Zergling x4  
  38  4:06  Zergling x4  
  34  4:16  Zergling x6  
  34  4:17  Zergling x2  
  36  4:21  Roach  
  36  4:24  Roach  
  40  4:29  Baneling x2  
  40  4:37  Roach x2  
  39  4:54  Drone  
  39  4:55  Drone x3  
  39  4:59  Overlord  
  43  5:07  Drone x2  
  43  5:08  Drone  
  43  5:11  Roach  
  43  5:27  Drone x7  
  51  5:28  Ravager  
  51  5:30  Overlord  
  51  5:34  Extractor  
  51  5:41  Queen  
  51  5:42  Overlord x2  
  51  5:45  Extractor  
  49  5:51  Roach  
  49  5:52  Roach  
  53  5:59  Roach  
  55  6:04  Baneling  
  55  6:05  Roach x2, Baneling  
  55  6:06  Roach x2  
  55  6:09  Roach  
  65  6:16  Overlord  
  67  6:18  Roach  
  67  6:24  Roach  
  67  6:25  Roach x2  
  73  6:32  Roach x3  
  69  6:45  Roach x3  
  75  6:50  Roach  
  76  6:56  Roach x2  
  80  7:05  Roach  
  80  7:08  Overlord  
  82  7:11  Overlord  
  81  7:43  Roach  
  81  7:44  Roach x8  
Show
View Real Time Build Order
Export as new Build Order

Musumeci Zerg 

Build Orders: Pool First 

Get SALT Encoding   

  12  0:12  Drone  
  13  0:15  Drone  
  14  0:23  Overlord  
  14  0:29  Drone, Extractor  
  15  0:43  Drone  
  15  0:45  Drone  
  17  0:52  Spawning Pool  
  17  0:57  Drone, Extractor  
  17  1:01  Extractor  
  16  1:06  Drone  
  17  1:29  Hatchery  
  16  1:39  Zergling x4  
  18  1:45  Queen  
  20  1:51  Drone  
  21  2:03  Metabolic Boost  
  21  2:12  Zergling x2  
  21  2:14  Overlord  
  21  2:30  Baneling Nest  
  21  2:33  Zergling x4  
  22  2:43  Zergling x4  
  22  2:54  Queen  
  22  2:55  Zergling x2  
  24  3:07  Overlord  
  24  3:14  Zergling x6  
  24  3:17  Baneling  
  24  3:18  Baneling  
  27  3:27  Zergling x4  
  29  3:47  Zergling x10  
  26  4:13  Zergling x2  
  26  4:14  Zergling x8  
  28  4:24  Baneling x2  
  28  4:25  Baneling  
  28  4:31  Zergling x6  
  28  5:01  Roach Warren  
  28  5:02  Zergling x10  
  28  5:03  Zergling x2  
  27  5:16  Baneling  
  27  5:17  Baneling  
  27  5:27  Zergling x2  
  27  5:28  Zergling x8  
  32  5:47  Overlord x2  
  32  5:49  Drone  
  30  6:09  Drone x4  
  23  6:52  Roach x7  
  23  6:53  Roach  
  38  6:57  Queen  
  40  7:08  Drone x3  
  41  7:10  Drone  
  44  7:15  Overlord  
  44  7:33  Ravager x5  
  46  7:51  Roach Warren  
Tags
 
League
Diamond
Matchup
ZvZ
Race
Zerg
Replay Pack
replay pack
Spawn Locations
Close Positions
Add a new tag
Caveats
  • Supply blocks, unpowered buildings, or Contaminate may cause inaccurate times.
  • Supply counts are checked every 10 seconds.